 Dungeon Crawl Stone Soup version 0.28-a0-1389-gc726bef33b (webtiles) character file.

Game seed: 424065397346393866

261 Warped the Twirler (level 6, -1/37 (47) HPs)
             Began as a Formicid Fighter on Jan 4, 2022.
             Slain by a lemure (6 damage)
             ... led by Pikel
             ... on level 3 of the Dungeon.
             The game lasted 00:03:15 (2659 turns).

Warped the Twirler (Formicid Fighter)               Turns: 2659, Time: 00:03:16

HP:   -1/37 (47)    AC:  9    Str: 23    XL:     6   Next: 41%
MP:   6/6           EV:  8    Int:  7    God:
Gold: 120           SH:  4    Dex: 10    Spells: 5/5 levels left

rFire   . . .      SeeInvis +   a - +0 quarterstaff
rCold   . . .      Faith    .   c - +0 buckler
rNeg    . . .      Spirit   .   h - +0 chain mail
rPois   .          Reflect  .   (helmet unavailable)
rElec   .          Harm     .   (no cloak)
rCorr   .          Rampage  .   (no gloves)
Will    .....                   (no boots)
Stlth   ..........              (no amulet)
HPRegen 0.12/turn               (no ring)
MPRegen 0.10/turn               (no ring)

@: heavily drained
A: permanent stasis, dig shafts and tunnels, antennae 3, four strong arms
a: Dig, Shaft Self


You were on level 3 of the Dungeon.
You visited 1 branch of the dungeon, and saw 4 of its levels.

You collected 120 gold pieces.

Inventory:

Hand Weapons
 a - a +0 quarterstaff (weapon)
 f - a +0 flail
 i - a +0 halberd
 o - a +2 dagger of draining
Missiles
 l - 16 poisoned darts
 m - 52 stones
 q - 26 sling bullets
Armour
 b - a +0 scale mail
 c - a +0 buckler (worn)
 h - a +0 chain mail (worn)
Jewellery
 r - an amulet of magic regeneration
Scrolls
 e - a scroll of brand weapon {unknown}
 g - a scroll of fog {unknown}
 k - a scroll of identify {unknown}
 n - a scroll of fear {unknown}
 p - a scroll of noise
 s - a scroll of amnesia {unknown}


   Skills:
 - Level 3.2 Fighting
 + Level 6.3 Staves
 - Level 3.2 Armour
 - Level 3.6 Shields


You had 5 spell levels left.
You didn't know any spells.
Your spell library contained the following spells:

 Spells                   Type           Power      Damage    Failure   Level
 Summon Small Mammal      Summ           0%         N/A       98%         1
 Corpse Rot               Necr/Air       0%         N/A       99%         2
 Ensorcelled Hibernation  Hex/Ice        0%         N/A       99%         2
 Poisonous Vapours        Pois/Air       0%         N/A       99%         2
 Call Canine Familiar     Summ           0%         N/A       100%        3
 Summon Guardian Golem    Hex/Summ       0%         N/A       100%        3
 Tukima's Dance           Hex            0%         N/A       100%        3
 Enfeeble                 Hex            0%         N/A       100%        7


Dungeon Overview and Level Annotations

Branches:
Dungeon (4/15)
 Temple: D:4-7

Altars:
Xom

Annotations:
D:4 Pikel


Innate Abilities, Weirdness & Mutations

You cannot be hasted, slowed, berserked, paralysed or teleported.
You can dig through walls and to a lower floor.
You have a pair of large antennae on your head. (SInv)
Your four strong arms can wield two-handed weapons with a shield.


Message History

* * * LOW HITPOINT WARNING * * *
You feel better.
Pikel zaps a wand.
The puff of flame hits you!
* * * LOW HITPOINT WARNING * * *
You feel better. You block Pikel's attack.
As you read the scroll labelled XISCHI AGOW, it crumbles to dust.
You hear a loud clanging noise!
It was a scroll of noise.
Pikel waves his whip at you. Pikel hits you but does no damage.
As you read the scroll labelled JURIL ATROTH, it crumbles to dust.
The creatures around you are filled with an inner flame!
It was a scroll of immolation.
Pikel hits you with a +2 whip of flaming.
* * * LOW HITPOINT WARNING * * *
Pikel burns you.
* * * LOW HITPOINT WARNING * * *
You extend your mandibles.
You dig through the rock wall.
You feel drained. The lemure hits you.
* * * LOW HITPOINT WARNING * * *
You dig through the rock wall.
You feel drained.
Found a potion of curing.
Pikel hits you but does no damage.
You retract your mandibles.
A dart slug comes into view.
The dart slug launches a dart at you.
The slug dart hits you but does no damage.
The lemure hits you but does no damage. The lemure hits you.
* * * LOW HITPOINT WARNING * * *
There is a stone staircase leading up here.
The lemure hits you but does no damage. The dart slug launches a dart at you.
The slug dart misses you.
You climb upwards.
There is a stone staircase leading down here.
You hit the lemure but do no damage. The lemure hits you but does no damage.
You closely miss the lemure. You block the lemure's attack.
You thump the lemure!
The lemure is heavily wounded.
The lemure hits you.
You die...

############### #.......
..............# #.......
..............# ####.......
..............#########[.........
..............'..................
.....)........#####..............
.....รท........# #.##.###.......
..............#####.#...#########
.............>.5@.............##
..............#######.##.......#
..............# #.##.......##
..............# #.#.........#
##....######### ###'#.......#.#
##....### #.......#####.#
........# #..............
........# #......######..
........# #..........##..


You could see a lemure.

Vanquished Creatures
  Pargi (D:3)
  2 lemures (D:4)
  Jessica (D:3)
  Terence (D:3)
  4 gnolls
  3 adders
  2 dart slugs
  An orc (D:3)
  2 bats
  4 endoplasms (D:1)
  5 giant cockroaches
  3 hobgoblins
  2 quokkas
  6 ball pythons
  2 frilled lizards
  6 goblins
  6 kobolds
  A rat (D:3)
52 creatures vanquished.

Notes
Turn   | Place    | Note
-------+----------+-------------------------------------------
     0 | D:1      | Warped the Formicid Fighter began the quest for the Orb.
     0 | D:1      | Reached XP level 1. HP: 18/18 MP: 1/1
    45 | D:1      | Found a faded altar of an unknown god.
   134 | D:1      | Reached XP level 2. HP: 20/24 MP: 2/2
   287 | D:1      | Reached skill level 3 in Staves
   314 | D:1      | Reached XP level 3. HP: 10/29 MP: 3/3
   890 | D:2      | Reached skill level 4 in Staves
   890 | D:2      | Reached XP level 4. HP: 6/35 MP: 4/4
   899 | D:2      | HP: 1/35 [gnoll (6)]
  1695 | D:3      | Noticed Pargi
  1710 | D:3      | Killed Pargi
  1711 | D:3      | Reached skill level 5 in Staves
  1711 | D:3      | Reached XP level 5. HP: 15/41 MP: 5/5
  1975 | D:3      | Noticed Terence
  1983 | D:3      | Killed Terence
  1984 | D:3      | Reached XP level 6. HP: 46/47 MP: 6/6
  2010 | D:3      | Noticed Jessica
  2030 | D:3      | Killed Jessica
  2031 | D:3      | Reached skill level 6 in Staves
  2137 | D:3      | Found a shimmering altar of Xom.
  2594 | D:4      | Noticed Pikel
  2659 | D:3      | Slain by a lemure

Illustrated notes

Levels and vault maps discovered:
D:1:      amcnicky_arrival_gap_in_the_tavern_cellar, layout_rooms,
          shapermc_ecumenical_altar_ellora
D:2:      layout_rooms, minivault_14
D:3:      layout_basic, mainiacjoe_overflow_paths, uniq_jessica, uniq_terence,
          uniq_pargi
D:4:      layout_layer_cave, bloody_makhleb, nicolae_uskayaw_suspiria,
          lemuel_tele_altar, kennysheep_vampire_church, uniq_pikel, uniq_robin

Skill      XL: |  1  2  3  4  5  6 |
---------------+-------------------+-----
Staves         | 3 4 5 6 |  6.3
Fighting       | |  3.2
Armour         | |  3.2
Shields        | |  3.6

Action                   |  1- 3 |  4- 6 || total
-------------------------+-------+-------++-------
Melee: Quarterstaff      |    80 |   107 ||   187
 Abil: Dig               |       |     2 ||     2
  Use: Potion            |     4 |     2 ||     6
       Scroll            |       |     2 ||     2
Armor: Scale mail        |    40 |    13 ||    53
       Chain mail        |       |    38 ||    38
Dodge: Dodged            |    37 |    31 ||    68
Block: Buckler           |    18 |    32 ||    50

Table legend: (Time is in decaauts)
 A = Elapsed time spent in this place.
 B = Non-inter-level travel time spent in this place.
 C = Inter-level travel time spent in this place.
 D = Time resting spent in this place.
 E = Time spent auto-exploring this place.
 F = Levels seen in this place.
 G = Mean time per level.
                   A        B        C        D        E       F      G
               +--------+--------+--------+--------+--------+-----+--------+
         Total |   2674 |   2572 |    102 |    732 |   1359 |   4 |  668.5 |
       Dungeon |   2674 |   2572 |    102 |    732 |   1359 |   4 |  668.5 |
               +--------+--------+--------+--------+--------+-----+--------+

Top non-repeatable levels by time:
     D:1: 1185 daAuts
     D:3: 919 daAuts
     D:2: 507 daAuts
     D:4: 62 daAuts
